Map: Opérations galactiques EC

Players

zidar

  • Race: Zerg Zerg
  • League: Platinum
  • Spawn Location: 1:00

nicoLeffe - Winner!

  • Race: Protoss Protoss
  • League: Gold
  • Spawn Location: 7:00

VOD

Have the link to the VOD?

Description

Time

  • Played on: Nov. 7, 2016, 1:34 p.m.
  • Length: 10:39
Show
View Real Time Build Order
Export as new Build Order

zidar Zerg 

Build Orders: Hatch First 

Get SALT Encoding   

  12  0:02  Drone  
  13  0:12  Overlord  
  13  0:17  Drone  
  14  0:31  Drone x2  
  16  0:50  Hatchery  
  16  0:53  Drone  
  16  0:57  Extractor  
  16  0:59  Drone  
  16  1:16  Spawning Pool  
  15  1:22  Drone  
  15  1:24  Drone  
  17  1:27  Drone  
  18  1:40  Drone  
  19  2:02  Metabolic Boost  
  19  2:05  Queen x2  
  22  2:16  Drone x3  
  22  2:21  Drone  
  26  2:28  Overlord  
  26  2:34  Overlord  
  26  2:40  Extractor  
  27  2:58  Drone x6  
  31  3:26  Roach Warren  
  30  3:29  Pneumatized Carapace  
  30  3:32  Drone x7  
  37  3:37  Overlord  
  37  4:06  Overlord  
  37  4:19  Roach x7  
  51  4:28  Lair  
  51  4:36  Extractor  
  50  4:40  Extractor  
  50  4:44  Roach x5  
  59  4:47  Overlord  
  59  4:57  Drone  
  60  5:00  Overlord  
  60  5:01  Overlord  
  60  5:30  Drone x6  
  60  5:31  Drone  
  67  5:54  Hydralisk Den  
  66  6:06  Hatchery  
  66  6:08  Overseer  
  39  6:45  Hydralisk  
  41  7:03  Hydralisk Den  
  41  7:06  Drone x4  
  41  7:07  Drone x4  
  48  7:21  Queen  
  50  7:31  Hydralisk  
  50  7:32  Hydralisk x3  
  50  7:34  Queen  
  60  7:39  Hydralisk x4  
  68  7:49  Muscular Augments  
  68  7:55  Drone  
  68  7:56  Drone  
  70  8:21  Drone x4  
  55  9:03  Hydralisk x6  
  67  9:15  Drone x2  
  69  9:18  Drone  
  72  9:45  Drone x4  
Show
View Real Time Build Order
Export as new Build Order

nicoLeffe Protoss - Winner!

Build Orders: Dark Templar Rush 

Get SALT Encoding   

  12  0:02  Probe (Chrono Boost)  
  13  0:12  Probe (Chrono Boost)  
  14  0:20  Pylon  
  14  0:30  Probe (Chrono Boost)  
  15  0:42  Gateway  
  15  0:49  Gateway  
  15  0:52  Probe (Chrono Boost)  
  16  0:59  Assimilator  
  16  1:02  Probe (Chrono Boost)  
  17  1:13  Probe (Chrono Boost)  
  18  1:19  Assimilator  
  18  1:21  Pylon  
  18  1:23  Probe (Chrono Boost)  
  19  1:29  Zealot  
  21  1:38  Cybernetics Core  
  21  1:40  Probe (Chrono Boost)  
  22  1:51  Probe (Chrono Boost)  
  23  2:04  Probe (Chrono Boost)  
  26  2:15  Mothership Core (Chrono Boost)  
  26  2:18  Warp Gate (Chrono Boost)  
  26  2:34  Robotics Facility  
  26  2:54  Twilight Council  
  26  2:56  Pylon  
  26  3:01  Gateway  
  26  3:02  Gateway  
  26  3:16  Adept x2  
  30  3:21  Warp Prism  
  32  3:33  Dark Shrine  
  32  3:45  Resonating Glaives  
  32  4:05  Nexus  
  32  4:16  Observer  
  33  4:21  Stalker  
  35  4:48  Dark Templar  
  37  4:57  Dark Templar  
  39  5:10  Pylon  
  39  5:17  Probe  
  40  5:23  Assimilator  
  40  5:25  Dark Templar, Assimilator  
  42  5:29  Probe  
  42  5:34  Dark Templar  
  43  5:41  Probe  
  44  6:01  Zealot x3  
  48  6:23  Dark Templar x2  
  48  6:31  Probe  
  48  6:33  Probe  
  50  6:41  Pylon  
  50  6:42  Probe  
  50  6:43  Pylon  
  50  6:45  Probe  
  48  6:47  Immortal  
  48  6:52  Probe  
  50  6:57  Probe  
  50  6:58  Stalker x4  
  60  7:21  Probe  
  60  7:22  Forge  
  60  7:23  Probe  
  60  7:24  Forge  
  60  7:29  Gateway  
  62  7:40  Probe  
  62  7:41  Probe  
  62  7:43  Pylon  
  64  7:44  Stalker  
  64  7:45  Zealot x2  
  69  8:15  Adept x2  
  69  8:16  Adept x2  
  77  8:36  Zealot  
  77  8:37  Zealot x3  
  73  8:56  Immortal  
  71  9:10  Probe  
  71  9:12  Probe  
  74  9:24  Probe  
  74  9:25  Gateway  
  74  9:27  Gateway  
  74  9:29  Gateway  
  74  9:30  Probe  
  74  9:32  Photon Cannon  
  74  9:35  Zealot x3  
  74  9:36  Probe, Zealot  
  84  9:41  Dark Templar  
  86  9:49  Pylon  
  86  9:50  Pylon  
  86  10:08  Observer  
  75  10:15  Sentry x2, Zealot  
  73  10:27  Stalker x2  
Tags
 
Add a new tag
Caveats
  • Supply blocks, unpowered buildings, or Contaminate may cause inaccurate times.
  • Supply counts are checked every 10 seconds.